 Dungeon Crawl Stone Soup version 0.28-a0-239-g68911e0c57 (webtiles) character file.

Game seed: 17664587515941286311

283 bande the Shield-Bearer (level 6, -14/38 HPs)
             Began as a Gargoyle Fighter on Aug 23, 2021.
             Splashed by Ijyb's acid (15 damage)
             ... on level 4 of the Dungeon.
             The game lasted 00:05:22 (3479 turns).

bande the Shield-Bearer (Gargoyle Fighter)          Turns: 3479, Time: 00:05:23

Health: -14/38     AC: 15    Str: 21    XL:     6   Next: 28%
Magic:  6/6        EV:  6    Int:  8    God:
Gold:   129        SH: 10    Dex: 16    Spells: 5/5 levels left

rFire   . . .      SeeInvis .   a - +0 war axe (elec)
rCold   . . .      Faith    .   c - +1 kite shield
rNeg    + . .      Spirit   .   o - +0 chain mail
rPois   ∞          Reflect  .   l - +1 hat
rElec   +          Harm     .   (no cloak)
rCorr   .          Rampage  .   (no gloves)
Will    .....                   (no boots)
Stlth   ..........              (no amulet)
HPRegen 0.12/turn               i - +6 ring of dexterity
MPRegen 0.10/turn               (no ring)

@: no status effects
A: sickness immunity, AC +4, negative energy resistance 1, electricity
resistance, torment resistance 1, petrification resistance
a: no special abilities


You were on level 4 of the Dungeon.
You visited 1 branch of the dungeon, and saw 4 of its levels.

You collected 129 gold pieces.

Inventory:

Hand Weapons
 a - a +0 war axe of electrocution (weapon)
Armour
 c - a +1 kite shield (worn)
 l - a +1 hat (worn)
 o - a +0 chain mail (worn)
Jewellery
 h - a ring of fire
 i - a +6 ring of dexterity (left hand)
Wands
 f - a wand of digging (6)
Potions
 b - a potion of curing {unknown}
 d - a potion of might
 e - a potion of lignification
 g - a potion of heal wounds {unknown}
 j - 2 potions of ambrosia {unknown}
 k - a potion of haste {unknown}
 m - a potion of degeneration {unknown}


   Skills:
 + Level 3.8 Fighting
 + Level 3.5 Axes
 + Level 4.4 Armour
 + Level 0.9 Dodging
 + Level 4.4 Shields
 * Level 1.8 Evocations


You had 5 spell levels left.
You didn't know any spells.
Your spell library contained the following spells:

 Spells                   Type           Power      Damage    Failure   Level
 Freeze                   Ice            0%         1d3       100%        1
 Frozen Ramparts          Ice            0%         1d2       100%        3
 Hailstorm                Conj/Ice       0%         3d3       100%        4


Dungeon Overview and Level Annotations

Branches:
Dungeon (4/15)
 Temple: D:4-7

Altars:

Annotations:
D:4 Ijyb, Robin


Innate Abilities, Weirdness & Mutations

You are immune to sickness and miasma.
Your stone body is resilient. (AC +4)
You are immune to poison.
You resist negative energy. (rN+)
You are resistant to electric shocks. (rElec)
You are resistant to unholy torment.
You are immune to petrification.


Message History

You kill Blork the orc!
You have reached level 6!
Your experience leads to an increase in your attributes!
Your base attributes are Str 20, Int 8, Dex 10.
Increase (S)trength, (I)ntelligence, or (D)exterity?
You feel stronger.
Things that are here:
a +0 trident; a +2 robe of cold resistance; the orc corpse of Blork the orc HP restored.
Ijyb the Twisted Goblin comes into view.
She is wielding a +0 dagger and carrying a wand of acid (4).
Ijyb shouts!
Found an escape hatch in the floor.
Ijyb drinks a potion.
Ijyb seems to grow stronger.
You slash Ijyb!
Ijyb is heavily wounded.
Ijyb zaps a wand.
The bolt of acid hits you!
You are splashed with acid!
Ijyb hits you but does no damage.
You are too injured to fight recklessly!
You are too injured to fight recklessly!
You are too injured to fight recklessly!
You are too injured to fight recklessly!
You are too injured to fight recklessly!
You are too injured to fight recklessly!
You are too injured to fight recklessly!
You are too injured to fight recklessly!
You are too injured to fight recklessly!
Unknown command.
You closely miss Ijyb.
Ijyb is heavily wounded.
Ijyb hits you with a +0 dagger.
You hit Ijyb but do no damage.
Ijyb is heavily wounded.
Ijyb hits you but does no damage. Ijyb hits you with a +0 dagger.
* * * LOW HITPOINT WARNING * * *
You hit Ijyb but do no damage.
Ijyb is heavily wounded.
Ijyb zaps a wand.
The bolt of acid hits you!
* * * LOW HITPOINT WARNING * * *
You are splashed with acid!
You die...

....>......##.##
#.#...#..........#
#.#.......#.#####
#.#...# #.......#
#.#...# #.#.###.#
#.#...# #.### #.#
#.#...###.# #.#
#######.#.......#####.#
.>....g@......#.....).#
....###.#...........###
# #.#.#.........# .
#.....#....<#(#
#..##.#.######..#.#
##............#..#.#
....##...........#.#
#..........#.#..#.#
#..........+....#.#


You could see Ijyb (strong).

Vanquished Creatures
  Blork the orc (D:4)
  A water moccasin zombie (D:3)
  A hound (D:4)
  3 adders
  3 gnolls (D:3)
  2 worms
  5 orcs (D:3)
  4 ball pythons
  5 endoplasms
  4 giant cockroaches
  15 goblins
  3 quokkas
  5 bats
  4 frilled lizards
  2 kobolds
  5 rats
63 creatures vanquished.

Vanquished Creatures (others)
  A plant (D:3)
1 creature vanquished.

Grand Total: 64 creatures vanquished

Notes
Turn   | Place    | Note
-------+----------+-------------------------------------------
     0 | D:1      | bande the Gargoyle Fighter began the quest for the Orb.
     0 | D:1      | Reached XP level 1. HP: 14/14 MP: 1/1
    73 | D:1      | Found a faded altar of an unknown god.
    75 | D:1      | Noticed a floating eye
    82 | D:1      | Noticed a floating eye
    86 | D:1      | Noticed a golden eye
    86 | D:1      | Noticed a great orb of eyes
   132 | D:1      | Reached XP level 2. HP: 19/19 MP: 2/2
  1296 | D:2      | Reached XP level 3. HP: 23/23 MP: 3/3
  2173 | D:3      | Reached XP level 4. HP: 25/28 MP: 4/4
  2339 | D:3      | Reached skill level 1 in Evocations
  2537 | D:3      | Reached XP level 5. HP: 22/32 MP: 5/5
  3100 | D:4      | Noticed Blork the orc
  3104 | D:4      | Noticed Robin
  3455 | D:4      | Killed Blork the orc
  3456 | D:4      | Reached XP level 6. HP: 37/38 MP: 6/6
  3472 | D:4      | Noticed Ijyb
  3479 | D:4      | HP: 1/38 [Ijyb/bolt of acid (10)]
  3479 | D:4      | Splashed by Ijyb's acid

Illustrated notes

Levels and vault maps discovered:
D:1:      beargit_arrival_greenhouse, layout_basic,
          hellmonk_ecumenical_altar_watching_god, minmay_misc_feat_five
D:2:      layout_loops_ring, chequers_serial_rivers_room_a
D:3:      layout_basic, serial_forest, infiniplex_forest_corner_1,
          infiniplex_forest_join, infiniplex_forest_zigzag_1,
          infiniplex_forest_clump_medium, infiniplex_forest_lined_room_2,
          infiniplex_forest_corner_1, hangedman_decor_growths
D:4:      layout_basic, uniq_robin, uniq_crazy_yiuf_cottage, uniq_ijyb,
          uniq_blork_the_orc

Skill      XL: |  1  2  3  4 |
---------------+-------------+-----
Axes           | 2 3 |  3.5
Armour         | 4 |  4.4
Evocations     | 1 |  1.8
Shields        | 4 |  4.4
Fighting       | |  3.8
Dodging        | |  0.9

Action                   |  1- 3 |  4- 6 || total
-------------------------+-------+-------++-------
Melee: War axe           |   114 |    84 ||   198
  Use: Scroll            |     5 |     3 ||     8
Armor: Scale mail        |    72 |     2 ||    74
       Chain mail        |       |    52 ||    52
Dodge: Dodged            |    42 |    24 ||    66
Block: Kite shield       |    58 |    63 ||   121

Table legend: (Time is in decaauts)
 A = Elapsed time spent in this place.
 B = Non-inter-level travel time spent in this place.
 C = Inter-level travel time spent in this place.
 D = Time resting spent in this place.
 E = Time spent auto-exploring this place.
 F = Levels seen in this place.
 G = Mean time per level.
                   A        B        C        D        E       F      G
               +--------+--------+--------+--------+--------+-----+--------+
         Total |   3603 |   3565 |     38 |    271 |   2607 |   4 |  900.8 |
       Dungeon |   3603 |   3565 |     38 |    271 |   2607 |   4 |  900.8 |
               +--------+--------+--------+--------+--------+-----+--------+

Top non-repeatable levels by time:
     D:3: 1391 daAuts
     D:1: 1078 daAuts
     D:2: 970 daAuts
     D:4: 162 daAuts
